cohdb
Replays
Latest Replays
All Replays
Popular Replays
Top Player Replays
Match Explorer
How It Works
Community
CoH3 Stats
Reddit
Sign in to upload your games and track your stats! →
Sign in with Steam
Match 42494612
Unlisted
Match 42494612
Overview
Messages
Build Orders
End
Construct Section Command Post
Vickers Machine Gun Team
Selects Heavy Armor Battlegroup
Dingo Light Scout Car
Infantry Section
Infantry Section
Construct Platoon Command Post
Selects Rigorous Vehicle Training
Humber Armored Car
Grenade Package
Infantry Section
Construct Company Command Post
Crusader II Medium Tank
Crusader II Medium Tank
Selects Forward Repair Assembly
Armored Vehicle Training
Crusader II Medium Tank
Foot Guards Section
Infantry Training
Lynx
mr.napalman
szwed
Relief
Phan
Funky Ayylien
.
majintal excumuration
0
0
Comments
sign in to comment!
No comments posted yet!